 Dungeon Crawl Stone Soup version 0.28.0-43-g3370ac3207 (webtiles) character file.

Game seed: 3448672753929515492

435 Eitelfritz the Cudgeller (level 6, -3/52 HPs)
             Began as a Minotaur Gladiator on Mar 9, 2022.
             Slain by an iguana (9 damage)
             ... while paralysed by Grinder
             ... on level 4 of the Dungeon.
             The game lasted 00:07:09 (4758 turns).

Eitelfritz the Cudgeller (Minotaur Gladiator)       Turns: 4758, Time: 00:07:09

Health: -3/52      AC:  6    Str: 19    XL:     6   Next: 68%
Magic:  5/5        EV:  2    Int:  7    God:
Gold:   153        SH:  0    Dex: 11    Spells: 5/5 levels left

rFire   . . .      SeeInvis .   a - +0 morningstar
rCold   . . .      Faith    .   (no shield)
rNeg    . . .      Spirit   .   s - +0 ring mail
rPois   .          Reflect  .   c - +1 hat
rElec   .          Harm     .   (no cloak)
rCorr   .          Rampage  .   (no gloves)
Will    .....                   (no boots)
Stlth   +.........              (no amulet)
HPRegen 0.17/turn               (no ring)
MPRegen 0.09/turn               (no ring)

@: paralysed
A: horns 2, retaliatory headbutt
a: no special abilities


You were on level 4 of the Dungeon.
You visited 1 branch of the dungeon, and saw 4 of its levels.

You collected 153 gold pieces.

Inventory:

Hand Weapons
 a - a +0 morningstar (weapon)
 q - a +0 flail
Missiles
 d - 3 throwing nets (quivered)
 r - 4 poisoned darts
Armour
 c - a +1 hat (worn)
 s - a +0 ring mail (worn)
Wands
 o - a wand of iceblast (11)
Scrolls
 g - a scroll of blinking
Potions
 e - a potion of curing
 f - a potion of brilliance
 k - a potion of haste


   Skills:
 + Level 3.8 Fighting
 + Level 6.1 Maces & Flails
 + Level 2.3 Throwing
 + Level 3.8 Armour
 + Level 4.6 Dodging
 + Level 1.0 Stealth


You had 5 spell levels left.
You didn't know any spells.
Your spell library contained the following spells:

 Spells                   Type           Power      Damage    Failure   Level
 Dazzling Flash           Conj/Hex       0%         N/A       93%         3
 Agony                    Necr           0%         N/A       100%        5
 Silence                  Hex/Air        0%         N/A       100%        5


Dungeon Overview and Level Annotations

Branches:
Dungeon (4/15)
 Temple: D:4-7

Altars:
Elyvilon

Annotations:
D:4 Grinder


Innate Abilities, Weirdness & Mutations

You have a pair of horns on your head.
You reflexively headbutt those who attack you in melee.


Message History

Found a stone staircase leading up.
Found an escape hatch in the floor.
Found 19 gold pieces.
Found a kite shield.
Grinder and an iguana come into view.
You barely miss Grinder. Grinder hits you.
You hit Grinder but do no damage. You headbutt Grinder.
Grinder is lightly wounded.
A hobgoblin comes into view.
Grinder gestures at you. You resist with significant effort.
The hobgoblin shouts!
You bludgeon Grinder!! You headbutt Grinder.
Grinder is severely wounded.
Grinder barely misses you. You furiously retaliate!
You headbutt Grinder. You hit Grinder.
Grinder is almost dead.
Grinder hits you.
* * * LOW HITPOINT WARNING * * *
You writhe in agony.
* * * LOW HITPOINT WARNING * * *
Grinder gestures at you. Pain shoots through your body!
* * * LOW HITPOINT WARNING * * *
You hit Grinder but do no damage. You headbutt Grinder, but do no damage.
Grinder is almost dead.
Grinder barely misses you.
You hit Grinder.
Grinder is almost dead.
Grinder gestures at you.
You suddenly lose the ability to move!
Grinder gestures at you.
You barely resist. The iguana bites you.
* * * LOW HITPOINT WARNING * * *
Grinder gestures at you.
You shrug off the repeated paralysis!
The iguana bites you but does no damage.
Grinder gestures at you. You resist with significant effort.
The iguana bites you!
You die...

##.## ##.# #.#
#.## ##.# #.#
#.## ##.# #@#
#.5l...#
....g.......#
..........$##..
............#
............#
....[.......#
............#


You could see Grinder, an iguana and a hobgoblin.

Vanquished Creatures
  Sigmund (D:3)
  A water moccasin (D:4)
  A hound (D:4)
  4 adders
  4 gnolls
  3 dart slugs
  8 orcs (D:3)
  6 ball pythons
  4 endoplasms
  A giant cockroach (D:1)
  4 goblins
  8 hobgoblins
  5 jackals
  5 quokkas
  6 bats
  2 frilled lizards (D:2)
  3 kobolds
  3 rats
69 creatures vanquished.

Notes
Turn   | Place    | Note
-------+----------+-------------------------------------------
     0 | D:1      | Eitelfritz the Minotaur Gladiator began the quest for the
                  | Orb.
     0 | D:1      | Reached XP level 1. HP: 18/18 MP: 0/0
   335 | D:1      | Reached XP level 2. HP: 21/25 MP: 1/1
   488 | D:1      | Reached skill level 4 in Maces & Flails
   674 | D:1      | Found a faded altar of an unknown god.
  1108 | D:1      | You fall into a shaft and drop 1 floor!
  1125 | D:2      | Reached XP level 3. HP: 30/30 MP: 2/2
  2105 | D:2      | Reached skill level 1 in Armour
  2502 | D:1      | Reached XP level 4. HP: 15/37 MP: 3/3
  3423 | D:3      | Noticed Sigmund
  3481 | D:3      | Killed Sigmund
  3482 | D:3      | Reached skill level 5 in Maces & Flails
  3482 | D:3      | Reached XP level 5. HP: 31/45 MP: 4/4
  3766 | D:3      | Reached XP level 6. HP: 48/51 MP: 5/5
  4690 | D:4      | Noticed a water moccasin
  4701 | D:4      | Killed a water moccasin
  4702 | D:4      | Reached skill level 6 in Maces & Flails
  4702 | D:4      | Reached skill level 1 in Stealth
  4707 | D:4      | Found a white marble altar of Elyvilon.
  4749 | D:4      | Noticed Grinder
  4755 | D:4      | Paralysed by Grinder for 7 turns
  4758 | D:4      | Slain by an iguana

Illustrated notes

Levels and vault maps discovered:
D:1:      doesnt_arrival_eight_statues, layout_basic,
          ebering_ecumenical_altar_abandoned
D:2:      layout_basic, cheibrodos_gnoll_hut
D:3:      layout_basic, uniq_sigmund
D:4:      layout_cave_pods, mainiacjoe_overflow_tiny_flanked,
          gup_sewer_entry_pipe, uniq_natasha, uniq_grinder

Skill      XL: |  1  2  3  4  5  6 |
---------------+-------------------+-----
Maces & Flails | 4 5 6 |  6.1
Dodging        | 4 |  4.6
Armour         | 1 3 |  3.8
Fighting       | 3 |  3.8
Stealth        | 1 |  1.0
Throwing       | |  2.3

Action                   |  1- 3 |  4- 6 || total
-------------------------+-------+-------++-------
Melee: Flail             |    87 |    29 ||   116
       Headbutt          |     9 |    16 ||    25
       Punch             |     1 |     1 ||     2
       Morningstar       |       |    63 ||    63
Throw: Throwing net      |       |     3 ||     3
  Use: Scroll            |       |    10 ||    10
       Potion            |       |     2 ||     2
Armor: Leather armour    |    27 |    15 ||    42
       Ring mail         |       |     6 ||     6
Dodge: Dodged            |    61 |    73 ||   134
